 Dungeon Crawl Stone Soup version 0.21.1-1-g345015f (webtiles) character file.

6201 aMcNicky the Slinger (level 11, -3/66 HPs)
             Began as a Halfling Hunter on Mar 31, 2018.
             Was an Initiate of Hepliaklqana.
             Slain by a red ugly thing (18 damage)
             ... on level 8 of the Dungeon.
             The game lasted 00:52:56 (11379 turns).

aMcNicky the Slinger (Halfling Hunter)             Turns: 11379, Time: 00:52:57

Health: -3/66      AC: 11    Str: 15    XL:     11   Next: 14%
Magic:  14/14      EV: 18    Int:  9    God:    Hepliaklqana [......]
Gold:   408        SH:  7    Dex: 21    Spells: 10/10 levels left

rFire    . . .     SeeInvis .   a - +1 hunting sling
rCold    . . .     Gourm    .   u - +0 buckler
rNeg     . . .     Faith    .   I - +0 ring mail
rPois    +         Spirit   .   S - +0 helmet
rElec    .         Reflect  .   N - +0 cloak
rCorr    .         Harm     .   s - +0 pair of gloves
MR       .....                  l - +0 pair of boots
Stlth    +++.......             (no amulet)
HPRegen  0.21/turn              j - ring of poison resistance
MPRegen  0.14/turn              m - +4 ring of dexterity

@: no status effects
A: small, reduced essence, mutation resistance 1
a: Recall Ancestor, Ancestor Identity, Renounce Religion


You were on level 8 of the Dungeon.
You worshipped Hepliaklqana.
Hepliaklqana was noncommittal.
You were not hungry.

You visited 2 branches of the dungeon, and saw 9 of its levels.
You also visited: Sewer.

You collected 408 gold pieces.

Inventory:

Hand Weapons
 a - a +1 hunting sling (weapon)
 b - a +0 short sword
Missiles
 d - 29 sling bullets (quivered)
 i - 58 stones
Armour
 c - a +0 leather armour
 l - a +0 pair of boots (worn)
 s - a +0 pair of gloves (worn)
 u - a +0 buckler (worn)
 I - a +0 ring mail (worn)
 J - a +0 chain mail
 N - a +0 cloak (worn)
 S - a +0 helmet (worn)
Jewellery
 h - an uncursed ring of wizardry
 j - a ring of poison resistance (left hand)
 m - a +4 ring of dexterity (right hand)
 A - a +2 ring of evasion
 G - an uncursed ring of ice
 K - an uncursed ring of positive energy
 R - an uncursed ring of flight {unknown}
Wands
 B - a wand of digging (16)
 D - a wand of clouds (5)
 L - a wand of random effects (24)
 O - a wand of flame (11)
Scrolls
 e - a scroll of enchant weapon {unknown}
 g - 7 scrolls of teleportation
 k - a scroll of fog {unknown}
 n - 3 scrolls of fear
 t - 3 scrolls of magic mapping
 w - 2 scrolls of amnesia
 y - a scroll of remove curse {@r2}
 z - a scroll of noise {unknown}
 F - 2 scrolls of blinking
 P - a scroll of brand weapon {unknown}
 Q - a scroll of identify {@r1}
Potions
 o - 2 potions of agility {unknown}
 q - 4 potions of brilliance
 r - 2 potions of lignification
 v - 2 potions of mutation
 x - 7 potions of curing {@q1}
 C - a potion of cancellation {unknown}
 E - 2 potions of magic {unknown}
Books
 H - a book of Minor Magic

   Spells                             Type                      Level
   a - Magic Dart                     Conjuration                  1
   b - Blink                          Translocation                2
   c - Call Imp                       Summoning                    2
   d - Slow                           Hexes                        2
   e - Conjure Flame                  Conjuration/Fire             3
   f - Mephitic Cloud                 Conjuration/Poison/Air       3
Comestibles
 f - 11 rations
 M - 5 chunks of flesh


   Skills:
 + Level 6.5 Fighting
 + Level 13.1 Slings
 + Level 6.2 Armour
 + Level 6.8 Dodging
 + Level 7.1 Stealth
 - Level 4.0 Shields
 + Level 4.1 Evocations


You had 10 spell levels left.
You didn't know any spells.

Dungeon Overview and Level Annotations

Branches:
Dungeon (8/15)             Temple (1/1) D:7
   Lair: D:8-11

Altars:
Ashenzari
Cheibriados
Dithmenos
Elyvilon
Fedhas
Gozag
Hepliaklqana
Kikubaaqudgha
Makhleb
Nemelex Xobeh
Okawaru
Qazlal
Ru
Sif Muna
Trog
Uskayaw
Vehumet
Wu Jian
Xom
Yredelemnul
Zin
The Shining One
Lugonu

Shops:
D:6 %


Innate Abilities, Weirdness & Mutations

You are small and have problems with some larger weapons.
You are somewhat resistant to further mutation.
Your life essence is reduced to manifest your ancestor. (-10% HP)


Message History

The sling bullet barely misses the red ugly thing.
Bleb hits the red ugly thing.
The red ugly thing stings Bleb!
Bleb is engulfed in flames!
Bleb resists.
Firing (i - inventory. (,) - cycle):
d - 31 sling bullets (quivered)
Press: ? - help, Shift-Dir - straight line, f/p - red ugly thing
Aim: a red ugly thing (severely wounded)
You shoot a sling bullet.
The sling bullet hits the red ugly thing but does no damage.
The red ugly thing is severely wounded.
Bleb barely misses the red ugly thing.
Firing (i - inventory. (,) - cycle):
d - 30 sling bullets (quivered)
Press: ? - help, Shift-Dir - straight line, f/p - red ugly thing
Aim: a red ugly thing (severely wounded)
You shoot a sling bullet.
The sling bullet barely misses the red ugly thing.
The red ugly thing stings you!
* * * LOW HITPOINT WARNING * * *
You are engulfed in flames!!
You die...

#........########.# #..P..
#...............#.######≈.#
######...######<#......####
#.........#.#..........
#....####.#(#.####.###. #....#
#.#.#).......#.
###.#######.#.#..##.##.#(
#................#.....#)
#(....(u@..##'##.#######(
#########(.(..R....#.....#.......
..............>..........#...(###
...................#....##...####
.........._....)...#.......(.#_._
............_......#....###..#...
#####..............#....# #..#...
#.._..♣........#....# #..##'#
#..............#....# #...#..


You could see the friendly Bleb the ancestor and a red ugly thing.

Vanquished Creatures
  A two-headed ogre (D:7)
  2 centaur skeletons (D:8)
  Grinder (D:5)
  A steam dragon (D:8)
  Menkaure (D:6)
  2 water moccasins
  Duvessa (D:6)
  An ice beast (D:6)
  An orc warrior (D:8)
  A sky beast (D:8)
  3 eyes of draining (D:5)
  2 phantoms
  2 ogres
  3 wolves (D:8)
  7 centaurs
  7 bullfrogs
  A gnoll sergeant (D:8)
  A wyvern zombie (D:6)
  Dowan (D:6)
  3 scorpions
  A wyvern skeleton (D:8)
  3 killer bees (D:8)
  4 howler monkeys
  A bullfrog zombie (D:8)
  4 crimson imps
  3 jellies
  4 hounds
  2 bullfrog skeletons (D:4)
  7 orc wizards
  Jessica (D:2)
  Ijyb (D:5)
  8 iguanas
  6 worker ants
  A killer bee zombie (D:5)
  A hound zombie (D:5)
  3 hound skeletons
  5 adders
  16 gnolls
  3 river rats (Sewer)
  A shadow imp (D:5)
  2 oozes
  3 worms
  2 dart slugs (D:1)
  7 leopard geckos
  13 orcs
  5 giant cockroaches
  7 goblins
  12 hobgoblins
  16 jackals
  4 quokkas
  6 ball pythons
  7 bats
  11 frilled lizards
  11 kobolds
  2 leopard gecko skeletons
  27 rats
252 creatures vanquished.

Vanquished Creatures (collateral kills)
  Grum (D:8)
  2 killer bees (D:8)
  A howler monkey (D:8)
4 creatures vanquished.

Vanquished Creatures (others)
  An ancestor (D:8)
  9 fungi (D:8)
10 creatures vanquished.

Grand Total: 266 creatures vanquished

Notes
Turn   | Place    | Note
-------+----------+-------------------------------------------
     0 | D:1      | aMcNicky the Halfling Hunter began the quest for the Orb.
     0 | D:1      | Reached XP level 1. HP: 14/14 MP: 1/1
   151 | D:1      | Reached skill level 6 in Slings
   214 | D:1      | Reached XP level 2. HP: 19/19 MP: 2/2
   525 | D:1      | Reached XP level 3. HP: 19/24 MP: 3/3
   695 | D:1      | Reached skill level 7 in Slings
   895 | D:1      | Reached XP level 4. HP: 30/30 MP: 4/4
  1310 | D:2      | Noticed Jessica
  1312 | D:2      | Killed Jessica
  1312 | D:2      | Reached XP level 5. HP: 36/36 MP: 5/5
  1397 | D:2      | Reached skill level 8 in Slings
  1833 | D:3      | Found a bloodstained altar of Trog.
  2549 | D:3      | Reached skill level 1 in Shields
  2745 | D:4      | Reached XP level 6. HP: 42/42 MP: 6/6
  2871 | D:4      | Noticed a phantom
  2882 | D:4      | Killed a phantom
  2882 | D:4      | Reached skill level 9 in Slings
  2959 | D:4      | Reached XP level 7. HP: 46/46 MP: 7/7
  3216 | D:4      | Noticed a water moccasin
  3222 | D:4      | Killed a water moccasin
  3222 | D:4      | Reached skill level 1 in Armour
  4091 | D:5      | Entered Level 5 of the Dungeon
  4134 | D:5      | Noticed Grinder
  4136 | D:5      | Paralysed by Grinder for 7 turns
  4151 | D:5      | Killed Grinder
  4151 | D:5      | Reached skill level 10 in Slings
  4151 | D:5      | Reached XP level 8. HP: 54/54 MP: 8/8
  4380 | D:5      | Found a glowing drain.
  4427 | Sewer    | Entered a sewer
  5271 | D:5      | Reached skill level 11 in Slings
  5271 | D:5      | Reached XP level 9. HP: 55/59 MP: 9/9
  5754 | D:5      | Found a bloodstained altar of Trog.
  5754 | D:5      | Noticed Ijyb
  5773 | D:5      | Killed Ijyb
  6325 | D:6      | Found a glowing golden altar of the Shining One.
  6333 | D:6      | Found a shattered altar of Ashenzari.
  6334 | D:6      | Found a glowing silver altar of Zin.
  6342 | D:6      | Found a hide-covered altar of Uskayaw.
  6388 | D:6      | Reached skill level 5 in Fighting
  6626 | D:6      | Reached skill level 1 in Evocations
  6852 | D:6      | Found Leugg's Food Shop.
  6909 | D:6      | Reached skill level 12 in Slings
  6909 | D:6      | Reached skill level 5 in Dodging
  6909 | D:6      | Reached skill level 5 in Stealth
  7361 | D:6      | Found a radiant altar of Vehumet.
  7369 | D:6      | Reached XP level 10. HP: 66/66 MP: 11/11
  7379 | D:6      | Found an ancient bone altar of Kikubaaqudgha.
  7379 | D:6      | Noticed Duvessa
  7379 | D:6      | Noticed Dowan
  7406 | D:6      | Killed Duvessa
  7413 | D:6      | Killed Dowan
  7490 | D:6      | Found a deep blue altar of Sif Muna.
  7675 | D:6      | Noticed Menkaure
  7680 | D:6      | Killed Menkaure
  7680 | D:6      | Reached skill level 5 in Armour
  8085 | D:7      | Noticed a two-headed ogre
  8571 | D:7      | Found a staircase to the Ecumenical Temple.
  8577 | Temple   | Entered the Ecumenical Temple
  9542 | D:8      | Noticed a red ugly thing
  9804 | D:7      | Killed a two-headed ogre
 10077 | D:8      | Found a hazy altar of Hepliaklqana.
 10077 | D:8      | Found a sparkling altar of Nemelex Xobeh.
 10079 | D:8      | Found a basalt altar of Yredelemnul.
 10079 | D:8      | Found a stormy altar of Qazlal.
 10082 | D:8      | Found a sacrificial altar of Ru.
 10085 | D:8      | Became a worshipper of Hepliaklqana the Forgotten
 10425 | D:8      | Found a burning altar of Makhleb.
 10429 | D:8      | Reached XP level 11. HP: 64/64 MP: 13/13
 10430 | D:8      | Found a shimmering altar of Xom.
 11044 | D:8      | Reached skill level 13 in Slings
 11122 | D:8      | Noticed Grum
 11158 | D:8      | Killed Grum
 11379 | D:8      | Slain by a red ugly thing

Skill      XL: |  1  2  3  4  5  6  7  8  9 10 11 |
---------------+----------------------------------+-----
Slings         | 6 7 8 9 10 11 12 13 | 13.1
Fighting       | 2 3 4 5 6 |  6.5
Shields        | 1 2 3 4 |  4.0
Armour         | 2 3 4 5 6 |  6.2
Stealth        | 2 3 5 6 7 |  7.1
Dodging        | 3 4 5 6 |  6.8
Evocations     | 1 3 4 |  4.1

Action                   |  1- 3 |  4- 6 |  7- 9 | 10-12 || total
-------------------------+-------+-------+-------+-------++-------
Melee: Short sword       |    30 |       |       |       ||    30
       Hunting sling     |     2 |       |     3 |       ||     5
 Fire: Hunting sling     |    50 |   223 |   519 |   522 ||  1314
Invok: Ancestor Identity |       |       |       |     1 ||     1
Evoke: Wand              |       |       |       |     1 ||     1
  Use: Scroll            |       |       |     8 |     6 ||    14
       Potion            |       |       |       |     5 ||     5
  Eat: Chunk             |       |     6 |     6 |     5 ||    17
       Ration            |       |       |     2 |     2 ||     4
Armor: Leather armour    |     7 |     5 |     9 |       ||    21
       Chain mail        |       |       |    27 |    35 ||    62
       Ring mail         |       |       |       |    27 ||    27
Dodge: Dodged            |    32 |    35 |    90 |   118 ||   275
Block: Buckler           |       |     7 |    42 |    62 ||   111
